 Dungeon Crawl Stone Soup version 0.19-a0-376-gf780d9b (webtiles) character file.

107 Denapoli the Conjurer (level 4, -1/30 HPs)
             Began as a Mummy Conjurer on May 30, 2016.
             Killed by divine providence
             ... invoked by an orc priest
              (14 damage)
             ... on level 2 of the Dungeon.
             The game lasted 00:07:21 (3103 turns).

Denapoli the Conjurer (Mummy Conjurer)              Turns: 3103, Time: 00:07:22

Health: -1/30      AC:  3    Str: 11    XL:     4   Next: 56%
Magic:  1/7        EV: 12    Int: 15    God:
Gold:   64         SH:  0    Dex: 12    Spells: 2 memorised, 4 levels left

rFire  x . .     SeeInvis .     g - -1 dagger (curse)
rCold  + . .     Gourm    .     a - +1 robe
rNeg   + + +     Faith    .     (no shield)
rPois  ∞         Spirit   .     (no helmet)
rElec  .         Dismiss  .     (no cloak)
rCorr  .         Reflect  .     (no gloves)
SustAt .         Harm     .     (no boots)
MR     .....                    d - amulet of regeneration
Stlth  ++........               (no ring)
                                (no ring)

@: not resistant to hostile enchantments, unstealthy
A: no food or potions, fire vulnerability, cold resistance 1, negative energy
resistance 3, torment resistance, unbreathing
a: no special abilities


You were on level 2 of the Dungeon.
You were not hungry.

You visited 1 branch of the dungeon, and saw 3 of its levels.

You collected 64 gold pieces.

Inventory:

Hand Weapons
 e - a +1 club
 g - a cursed -1 dagger (weapon)
Armour
 a - a +1 robe (worn)
Jewellery
 d - an amulet of regeneration (around neck)
Scrolls
 f - 2 scrolls of identify {unknown}
Books
 b - a book of Conjurations

   Spells                             Type                      Level
   a - Magic Dart                     Conjuration                  1
   b - Searing Ray                    Conjuration                  2
   c - Dazzling Spray                 Conjuration/Hexes            3
   d - Fulminant Prism                Conjuration/Hexes            4
   e - Iskenderun's Mystic Blast      Conjuration                  4
   f - Iskenderun's Battlesphere      Conjuration/Charms           5


   Skills:
 - Level 1.5 Dodging
 - Level 1.5 Stealth
 - Level 2.0 Spellcasting
 * Level 5.0 Conjurations


You had 4 spell levels left.
You knew the following spells:

 Your Spells              Type           Power        Failure   Level  Hunger
a - Magic Dart            Conj           ###.         2%          1    N/A
b - Searing Ray           Conj           ###...       4%          2    N/A

Dungeon Overview and Level Annotations

Branches:
Dungeon (3/15)

Altars:
Xom


Innate Abilities, Weirdness & Mutations

You do not eat or drink.
Your flesh is vulnerable to fire.
You are immune to poison.
Your flesh is cold resistant. (rC+)
You are immune to negative energy. (rN+++)
You are immune to unholy pain and torment.
You can survive without breathing.


Message History

You hit the orc priest but do no damage.
The orc priest is severely wounded.
The orc priest hits you but does no damage.
Casting: Magic Dart
Confirm with . or Enter, or press ? or * to list all spells.
Aiming: Magic Dart
Press: ? - help, Shift-Dir - straight line, f/p - orc priest
Aim: an orc priest, wielding a club and wearing a ring mail (severely wounded)
The magic dart hits the orc priest.
The orc priest is almost dead.
The orc priest invokes the aid of Beogh against you.
Beogh smites you!
You hit the orc priest but do no damage.
The orc priest is almost dead.
The orc priest hits you with a club.
You hit the orc priest but do no damage.
The orc priest is almost dead.
The orc priest calls down the wrath of Beogh upon you.
Beogh smites you!
You die...

........#.........###.###.#.#.###
.....>......÷......†.............
......[.#.........###.#...#.#.###
........#.........'.......#.#.#
........#.........###.....#.#.###
........#.........# #####.#.#....
........########'## ###.#'#####
#....#### #o# #........# #....#
#@# #........# #....# ####.#
#........# #....# #....#
#........# #....# #.####
#........# #..<.#
#####.#########..†.....# #....#
#.............#........#
#....####.............#........#
#......##.............###.#'####
#......##.............# #.#.#


You could see an orc priest.

Vanquished Creatures
  4 adders (D:2)
  2 worms (D:2)
  A dart slug (D:1)
  2 giant geckos (D:1)
  6 orcs
  6 bats
  4 giant cockroaches
  6 hobgoblins
  A quokka (D:2)
  2 ball pythons
  8 giant newts
  6 goblins
  5 kobolds
  5 rats
58 creatures vanquished.

Notes
Turn   | Place    | Note
--------------------------------------------------------------
     0 | D:1      | Denapoli the Mummy Conjurer began the quest for the Orb.
     0 | D:1      | Reached XP level 1. HP: 13/13 MP: 3/3
   274 | D:1      | Reached XP level 2. HP: 9/19 MP: 0/5
   476 | D:1      | Reached skill level 4 in Conjurations
   668 | D:1      | Reached XP level 3. HP: 24/24 MP: 2/6
   919 | D:1      | Learned a level 2 spell: Searing Ray
  1923 | D:2      | Reached XP level 4. HP: 30/30 MP: 2/7
  2457 | D:3      | Found a shimmering altar of Xom.
  2770 | D:3      | Reached skill level 5 in Conjurations
  3103 | D:2      | Killed from afar by an orc priest

Vault maps used:
D:1:      minmay_arrival_widening_spiral_wide, minmay_misc_feat_iff,
          minmay_newt_pond
D:3:      lemuel_crystal_altar

Skill      XL: |  1  2  3  4 |
---------------+-------------+-----
Conjurations   | 4 5 |  5.0
Dodging        | |  1.5
Stealth        | |  1.5
Spellcasting   | |  2.0

Action                   |  1- 3 |  4- 6 || total
-------------------------+-------+-------++-------
Melee: Club              |    21 |     1 ||    22
       Unarmed           |     5 |       ||     5
       Dagger            |       |    53 ||    53
 Cast: Magic Dart        |    80 |    61 ||   141
       Searing Ray       |       |     4 ||     4
  Use: Scroll            |       |     4 ||     4
Armor: Robe              |     4 |    28 ||    32
Dodge: Dodged            |    18 |    66 ||    84
